 Dungeon Crawl Stone Soup version 0.29.1-1-gd02db6906a (webtiles) character file.

Game seed: 15919175352283401134

48 croobank the Digger (level 3, -1/19 HPs)
             Began as a Gargoyle Earth Elementalist on Sept 23, 2022.
             Slain by a hobgoblin (4 damage)
             ... led by Robin
             ... on level 2 of the Dungeon.
             The game lasted 00:11:16 (1115 turns).

croobank the Digger (Gargoyle Earth Elementalist)   Turns: 1115, Time: 00:11:16

Health: -1/19      AC:  5    Str: 11    XL:     3   Next: 72%
Magic:  1/6        EV: 12    Int: 23    God:
Gold:   90         SH:  5    Dex: 10    Spells: 5/6 levels left

rFire   . . .      SeeInvis .   d - +0 rapier
rCold   . . .      Faith    .   (no shield)
rNeg    + . .      Spirit   .   a - +0 robe
rPois   ∞          Reflect  +   (no helmet)
rElec   +          Harm     .   (no cloak)
rCorr   .          Rampage  .   (no gloves)
Will    .....                   (no boots)
Stlth   ++........              i - amulet of reflection
HPRegen 0.06/turn               e - +6 ring of intelligence
MPRegen 0.10/turn               (no ring)

@: no status effects
A: sickness immunity, AC +3, negative energy resistance 1, electricity
resistance, torment resistance 1, petrification resistance
a: no special abilities


You were on level 2 of the Dungeon.
You visited 1 branch of the dungeon, and saw 2 of its levels.

You collected 90 gold pieces.

Inventory:

Hand Weapons
 d - a +0 rapier (weapon)
 h - a +0 dagger
Armour
 a - a +0 robe (worn)
Jewellery
 e - a +6 ring of intelligence (left hand)
 i - an amulet of reflection (around neck)
Scrolls
 c - 2 scrolls of magic mapping {unknown}
 f - a scroll of fear {unknown}
 g - a scroll of poison {unknown}
 j - a scroll of fog {unknown}
 l - a scroll of identify {unknown}
Potions
 b - a potion of magic
 k - a potion of curing {unknown}
 m - a potion of lignification {unknown}


   Skills:
 + Level 2.0 Dodging
 + Level 2.9 Stealth
 + Level 2.3 Spellcasting
 + Level 1.3 Transmutations
 + Level 4.0 Earth Magic


You had 5 spell levels left.
You knew the following spells:

 Your Spells              Type           Power      Damage    Failure   Level
a - Sandblast             Erth           42%        2d11      2%          1

Your spell library contained the following spells:

 Spells                   Type           Power      Damage    Failure   Level
 Passwall                 Tmut/Erth      12%        N/A       6%          2
 Magic Dart               Conj           8%         1d3       12%         1
 Stone Arrow              Conj/Erth      24%        3d8       16%         3
 Call Imp                 Summ           2%         N/A       19%         2
 Mephitic Cloud           Conj/Pois/Air  2%         N/A       36%         3
 Petrify                  Tmut/Erth      15%        N/A       38%         4


Dungeon Overview and Level Annotations

Branches:
Dungeon (2/15)

Altars:


Innate Abilities, Weirdness & Mutations

You are immune to sickness and miasma.
Your stone body is resilient. (AC +3)
You are immune to poison.
You resist negative energy. (rN+)
You are resistant to electric shocks. (rElec)
You are resistant to unholy torment.
You are immune to petrification.


Message History

Press: ? - help, Shift-Dir - straight line, f/p - Robin
Aim: Robin, wielding a +2 mace of draining, wearing a +0 animal skin and wearing the +2 helmet of Perpetual Drought {Str+6} (heavily wounded, 87% to hit)
The blast of sand hits Robin!
Robin is almost dead.
The hobgoblin no longer looks unusually strong. x2
Robin roars a battlecry!
The goblins go into a battle-frenzy!
The goblin hits you with a +0 club.
* * * LOW HITPOINT WARNING * * *
Unknown command.
You hit Robin.
You kill Robin!
The goblin closely misses you. The goblin barely misses you.
You block the hobgoblin's attack.
Your Dodging skill increases to level 2!
Okay, then.
Okay, then.
Okay, then.
Casting: Sandblast (safe; 2% risk of failure)
Confirm with . or Enter, or press ? or * to list all spells.
Aiming: Sandblast (safe; 2% risk of failure)
Press: ? - help, Shift-Dir - straight line, f - goblin
Aim: a goblin, wielding a +0 club (strong, 79% to hit)
Okay, then.
Casting: Sandblast (safe; 2% risk of failure)
Confirm with . or Enter, or press ? or * to list all spells.
Aiming: Sandblast (safe; 2% risk of failure)
Press: ? - help, Shift-Dir - straight line, f - goblin
Aim: a goblin, wielding a +0 club (strong, 79% to hit)
The blast of sand hits the goblin!
You kill the goblin!
The hobgoblin no longer looks unusually strong.
You block the hobgoblin's attack. The hobgoblin attacks as you move away!
The hobgoblin barely misses you.
You see here a +0 club.
The hobgoblin no longer looks unusually strong.
The hobgoblin attacks as you move away! The hobgoblin barely misses you.
The hobgoblin attacks as you move away! The hobgoblin misses you.
The hobgoblin attacks as you move away! The hobgoblin hits you.
You die...

#)# #g#
#.# #g#
#.# #g#
#.# #g#
#@# #.#
#.# #.##.#
#.#.####.#
#.##.#
#.#.#..#.#
#.##.#
#.#.#..#.#
#.##.#
#.#.#..#.#
#.##.#
#.#.#..#.#
#.##.#
#.#.#..#.#


You could see 3 hobgoblins and a goblin (strong).

Vanquished Creatures
  Robin (D:2)
  6 bats (D:1)
  2 endoplasms (D:1)
  3 giant cockroaches (D:1)
  10 goblins
  4 hobgoblins (D:1)
  A kobold (D:2)
  A quokka (D:1)
  A ball python (D:2)
  2 frilled lizards (D:1)
  4 rats (D:1)
35 creatures vanquished.

Notes
Turn   | Place    | Note
-------+----------+-------------------------------------------
     0 | D:1      | croobank the Gargoyle Earth Elementalist began the quest
                  | for the Orb.
     0 | D:1      | Reached XP level 1. HP: 10/10 MP: 3/3
   196 | D:1      | Reached skill level 1 in Transmutations
   196 | D:1      | Reached XP level 2. HP: 15/15 MP: 5/5
   670 | D:1      | Reached XP level 3. HP: 18/19 MP: 4/6
  1093 | D:2      | Identified the +2 helmet of Perpetual Drought {Str+6}
  1093 | D:2      | Noticed Robin
  1095 | D:2      | Reached skill level 4 in Earth Magic
  1105 | D:2      | Killed Robin
  1115 | D:2      | Slain by a hobgoblin

Illustrated notes

Levels and vault maps discovered:
D:1:      scummos_arrival_checkerplants, layout_basic,
          nicolae_concentric_dashed_squares_wild
D:2:      layout_basic, uniq_robin

Skill      XL: |  1  2  3 |
---------------+----------+-----
Transmutations | 1 |  1.3
Earth Magic    | 4 |  4.0
Dodging        | 2 |  2.0
Stealth        | |  2.9
Spellcasting   | |  2.3

Action                   || total
-------------------------++-------
Melee: Unarmed           ||     7
       Rapier            ||    31
 Cast: Sandblast         ||    34
 Stab: Sleeping          ||     5
Armor: Robe              ||    24
Dodge: Dodged            ||    42
Block: Other             ||    10
